 Dungeon Crawl Stone Soup version 0.30.0-10-gfe55d96785 (webtiles) character file.

Game seed: 10271124071023844030

82 Sabo the Chopper (level 4, -2/34 HPs)
             Began as a Demonspawn Gladiator on May 13, 2023.
             Killed from afar by Ijyb (5 damage)
             ... with a puff of flame
             ... on level 3 of the Dungeon.
             The game lasted 00:12:05 (2276 turns).

Sabo the Chopper (Demonspawn Gladiator)             Turns: 2276, Time: 00:12:06

Health: -2/34      AC:  8    Str: 17    XL:     4   Next: 21%
Magic:  4/4        EV: 15    Int:  9    God:
Gold:   122        SH:  0    Dex: 14    Spells: 3/3 levels left

rFire   . . .        a - +0 war axe
rCold   . . .        (no shield)
rNeg    . . .        b - +0 leather armour
rPois   .            c - +0 helmet
rElec   .            (no cloak)
rCorr   .            g - +0 pair of gloves
SInv    .            h - +2 pair of boots
Will    .....        (no amulet)
Stlth   +            (no ring)
HPRegen 0.25/turn    (no ring)
MPRegen 0.09/turn

%: no passive effects
@: no status effects
A: repulsion field 2, foul stench 1
a: no special abilities


You were on level 3 of the Dungeon.
You visited 1 branch of the dungeon, and saw 3 of its levels.

You collected 122 gold pieces.

Inventory:

Hand Weapons
 a - a +0 war axe (weapon)
 i - a +0 sling
Missiles
 d - 3 throwing nets (quivered)
 e - a javelin
Armour
 b - a +0 leather armour (worn)
 c - a +0 helmet (worn)
 g - a +0 pair of gloves (worn)
 h - a +2 pair of boots (worn)
Scrolls
 m - a scroll of teleportation
 n - a scroll of noise {unknown}
Potions
 j - a potion of heal wounds {unknown}
 l - a potion of haste {unknown}


   Skills:
 + Level 2.4 Fighting
 + Level 3.8 Axes
 + Level 1.8 Throwing
 + Level 1.2 Armour
 + Level 3.0 Dodging


You had 3 spell levels left.
You didn't know any spells.
Your spell library contained the following spells:

 Spells                   Type           Power      Damage    Failure   Level
 Cigotuvi's Dreadful Rot  Necr/Pois/Air  0%         N/A       58%         2
 Ignite Poison            Fire/Tmut/Pois 0%         N/A       82%         3
 Freezing Cloud           Conj/Ice/Air   0%         6-21      100%        5


Dungeon Overview and Level Annotations

Branches:
Dungeon (3/15)

Altars:

Annotations:
D:3 Ijyb, Robin


Innate Abilities, Weirdness & Mutations

You are surrounded by a moderate repulsion field. (EV +3)
You may rarely emit foul miasma when damaged in melee.


Message History

You closely miss Ijyb.
Ijyb is heavily wounded.
You closely miss Robin. You hit the hobgoblin but do no damage.
Ijyb zaps a wand.
The puff of flame hits you. The hobgoblin barely misses you.
Robin throws Ijyb at you!
Ijyb zaps a wand.
The puff of flame misses you. The hobgoblin barely misses you.
Robin closely misses you.
You barely miss Ijyb.
Ijyb is heavily wounded.
You barely miss Robin. You hit the hobgoblin but do no damage.
The hobgoblin barely misses you.
Ijyb zaps a wand.
The puff of flame hits you.
* * * LOW HITPOINT WARNING * * *
Robin hits you but does no damage.
You closely miss Ijyb.
Ijyb is heavily wounded.
You hit Robin. You closely miss the hobgoblin.
Ijyb hits you with a +1 dagger of flaming.
* * * LOW HITPOINT WARNING * * *
Ijyb burns you.
* * * LOW HITPOINT WARNING * * *
The hobgoblin hits you.
* * * LOW HITPOINT WARNING * * *
Robin misses you.
You feel better. The hobgoblin closely misses you. Ijyb misses you.
Robin closely misses you.
You barely miss Ijyb.
Ijyb is heavily wounded.
You barely miss Robin. You hit the hobgoblin.
Ijyb no longer looks unusually strong.
Ijyb screams, "No!
No, no, no, no!"
Ijyb zaps a wand.
The puff of flame hits you.
* * * LOW HITPOINT WARNING * * *
The hobgoblin hits you.
* * * LOW HITPOINT WARNING * * *
Robin completely misses you. The hobgoblin closely misses you.
Ijyb closely misses you. Robin hits you but does no damage.
You hit Ijyb.
Ijyb is severely wounded.
You barely miss Robin. You hit the hobgoblin but do no damage.
The hobgoblin barely misses you.
Ijyb zaps a wand.
The puff of flame hits you.
You die...

#.# #.# ....# #.# #.#
##.[...# ..# #.. ......
..# #.# #.... ..# #.#
#... ..# #.# #..# ..#
###.#####.#### ..#
#.......)...°#####.
.#####.......)..@g......
)..............g.g......
..............#######...
..............# #
......######### ......#
......# #######


You could see Ijyb, Robin and a hobgoblin (strong).

Vanquished Creatures
  An adder (D:3)
  A white imp (D:3)
  2 dart slugs
  2 ball pythons
  3 endoplasms
  3 giant cockroaches (D:1)
  5 goblins
  11 hobgoblins
  9 jackals
  3 quokkas (D:1)
  5 bats
  2 frilled lizards
  2 kobolds (D:1)
  4 rats
53 creatures vanquished.

Notes
Turn   | Place    | Note
-------+----------+-------------------------------------------
     0 | D:1      | Sabo the Demonspawn Gladiator began the quest for the Orb.
     0 | D:1      | Reached XP level 1. HP: 16/16 MP: 1/1
   132 | D:1      | Found a faded altar of an unknown god.
   149 | D:1      | Gained mutation: You may rarely emit foul miasma when
                  | damaged in melee. [demonic ancestry]
   149 | D:1      | Reached XP level 2. HP: 20/22 MP: 2/2
   822 | D:1      | Gained mutation: You are surrounded by a mild repulsion
                  | field. (EV +2) [demonic ancestry]
   822 | D:1      | Reached XP level 3. HP: 27/28 MP: 3/3
  2225 | D:3      | Reached skill level 1 in Armour
  2228 | D:3      | Gained mutation: You are surrounded by a moderate repulsion
                  | field. (EV +3) [demonic ancestry]
  2228 | D:3      | Reached XP level 4. HP: 34/34 MP: 4/4
  2261 | D:3      | Noticed Ijyb
  2262 | D:3      | Noticed Robin
  2276 | D:3      | Killed from afar by Ijyb

Illustrated notes

Levels and vault maps discovered:
D:1:      heliophobic_arrival_ceremonial_halls, layout_basic,
          ebering_ecumenical_altar_rust, minmay_misc_feat_columns,
          minmay_tetromino_o4
D:2:      layout_basic, chequers_serial_rivers_micro_d
D:3:      layout_basic, nicolae_goblin_pals

Skill      XL: |  1  2  3  4 |
---------------+-------------+-----
Axes           | 3 |  3.8
Armour         | 1 |  1.2
Dodging        | 3 |  3.0
Fighting       | |  2.4
Throwing       | |  1.8

Action                     |  1- 3 |  4- 6 || total
---------------------------+-------+-------++-------
  Melee: War axe           |   124 |    22 ||   146
    Use: Scroll            |     5 |       ||     5
         Potion            |       |     2 ||     2
 Armour: Leather armour    |    58 |     9 ||    67
  Dodge: Dodged            |   118 |    30 ||   148
